TOP OF THE 1ST |
Erie Jaxx batting - Pitching for Grim Reapers : RHP Will Brown
|
Pitching: RHP Will Brown
|
|
Batting: LHB Kyle Robbins
|
0-0: Ball 1-0: Ball 2-0: Ball 3-0: Called Strike 3-1: Ground out 1-3 (Groundball, 13)
|
Batting: RHB Edgardo Castro
|
0-0: Ground out 6-3 (Groundball, 6)
|
Batting: SHB Michael Field
|
0-0: SOLO HOME RUN (Flyball, 89XD), Distance : 411 ft
|
Batting: RHB Ed Keesee
|
0-0: Ground out 6-3 (Groundball, 6S)
|
Top of the 1st over - 1 run(s), 1 hit(s), 0 error(s), 0 left on base; Erie 1 - Grim 0 |
BOTTOM OF THE 1ST |
Grim Reapers batting - Pitching for Erie Jaxx : LHP Jason Dean
|
Pitching: LHP Jason Dean
|
|
Batting: LHB Jesús Rojas
|
0-0: Ball 1-0: Called Strike 1-1: Ball 2-1: Foul Ball, location: 2F 2-2: Ball 3-2: Fly out, F8 (Flyball, 8RS)
|
Batting: RHB Pedro López
|
0-0: Ball 1-0: Foul Ball, location: 2F 1-1: Ball 2-1: SINGLE (Groundball, 56D)
|
Batting: RHB Micheal Banks
|
0-0: Ball 1-0: Fly out, F8 (Flyball, 8RD)
|
Batting: RHB Jeremiah Ward
|
0-0: Swinging Strike 0-1: Swinging Strike 0-2: Ground out 1-3 (Groundball, 13)
|
Bottom of the 1st over - 0 run(s), 1 hit(s), 0 error(s), 1 left on base; Erie 1 - Grim 0 |
TOP OF THE 2ND |
Erie Jaxx batting - Pitching for Grim Reapers : RHP Will Brown
|
Batting: SHB José Durango
|
0-0: Ground out U3 (Groundball, 3D)
|
Batting: RHB Alfredo Ramírez
|
0-0: Ball 1-0: Ground out 4-3 (Groundball, 34)
|
Batting: RHB George Medine
|
0-0: Ball 1-0: Ball 2-0: Ball 3-0: Called Strike 3-1: Base on Balls
|
Batting: RHB James Richardson
|
Pickoff Throw to First - Out!
|
Top of the 2nd over - 0 run(s), 0 hit(s), 0 error(s), 0 left on base; Erie 1 - Grim 0 |
BOTTOM OF THE 2ND |
Grim Reapers batting - Pitching for Erie Jaxx : LHP Jason Dean
|
Batting: SHB Sean Moody
|
0-0: Ball 1-0: Swinging Strike 1-1: Fly out, F9 (Flyball, 9LMF)
|
Batting: RHB Roberto Solís
|
0-0: Ball 1-0: Ball 2-0: Called Strike 2-1: SINGLE (Groundball, 6D)
|
Batting: RHB Gilbert Forbes
|
0-0: Called Strike 0-1: Swinging Strike 0-2: Ball 1-2: Strikes out swinging
|
Batting: RHB John Jones
|
0-0: Called Strike 0-1: Called Strike 0-2: Ball 1-2: Fielders Choice at 2nd, 5-4 (Groundball, 56)
|
Bottom of the 2nd over - 0 run(s), 1 hit(s), 0 error(s), 0 left on base; Erie 1 - Grim 0 |
TOP OF THE 3RD |
Erie Jaxx batting - Pitching for Grim Reapers : RHP Will Brown
|
Batting: RHB James Richardson
|
0-0: Ball 1-0: Reached on error, E5 (Groundball, 56)
|
Batting: LHB Bill Handy
|
0-0: Ball 1-0: Swinging Strike 1-1: Foul Ball, location: 2F 1-2: Strikes out swinging
|
Batting: LHB Kyle Robbins
|
0-0: Called Strike 0-1: Foul Ball, location: 2F 0-2: Ball 1-2: Ball 2-2: Strikes out looking
|
Batting: RHB Edgardo Castro
|
0-0: Ball 1-0: Ball 2-0: Called Strike 2-1: Fly out, F6 (Popup, 6)
|
Top of the 3rd over - 0 run(s), 0 hit(s), 1 error(s), 1 left on base; Erie 1 - Grim 0 |
BOTTOM OF THE 3RD |
Grim Reapers batting - Pitching for Erie Jaxx : LHP Jason Dean
|
Batting: RHB Arthur Hopkins
|
0-0: Called Strike 0-1: Called Strike 0-2: Ball 1-2: Strikes out looking
|
Batting: LHB Jesús Rojas
|
0-0: Ball 1-0: Swinging Strike 1-1: Fly out, F4 (Popup, 4S)
|
Batting: RHB Pedro López
|
0-0: Ball 1-0: Called Strike 1-1: Fly out, F9 (Flyball, 9LS)
|
Bottom of the 3rd over - 0 run(s), 0 hit(s), 0 error(s), 0 left on base; Erie 1 - Grim 0 |
TOP OF THE 4TH |
Erie Jaxx batting - Pitching for Grim Reapers : RHP Will Brown
|
Batting: SHB Michael Field
|
0-0: Called Strike 0-1: SINGLE (Groundball, 4MD)
|
Batting: RHB Ed Keesee
|
0-0: Foul Ball, location: 2F 0-1: Called Strike 0-2: Foul Ball, location: 2F 0-2: Grounds into double play, 1-6-3 (Groundball, 13)
|
Batting: SHB José Durango
|
0-0: Ball 1-0: Ball 2-0: Ball 3-0: Called Strike 3-1: Called Strike 3-2: Strikes out swinging
|
Top of the 4th over - 0 run(s), 1 hit(s), 0 error(s), 0 left on base; Erie 1 - Grim 0 |
BOTTOM OF THE 4TH |
Grim Reapers batting - Pitching for Erie Jaxx : LHP Jason Dean
|
Batting: RHB Micheal Banks
|
0-0: Called Strike 0-1: Foul Ball, location: 2F 0-2: Ball 1-2: Strikes out swinging
|
Batting: RHB Jeremiah Ward
|
0-0: Ball 1-0: Ground out 5-3 (Groundball, 56)
|
Batting: SHB Sean Moody
|
0-0: Foul Ball, location: 2F 0-1: Ground out 4-3 (Groundball, 4)
|
Bottom of the 4th over - 0 run(s), 0 hit(s), 0 error(s), 0 left on base; Erie 1 - Grim 0 |
TOP OF THE 5TH |
Erie Jaxx batting - Pitching for Grim Reapers : RHP Will Brown
|
Batting: RHB Alfredo Ramírez
|
0-0: Called Strike 0-1: Swinging Strike 0-2: Ball 1-2: Strikes out swinging
|
Batting: RHB George Medine
|
0-0: Ball 1-0: Foul Ball, location: 2F 1-1: Ball 2-1: Foul Ball, location: 2F 2-2: Ball 3-2: Base on Balls
|
Batting: RHB James Richardson
|
0-0: Ball 1-0: Ball 2-0: SINGLE (Groundball, 5D) George Medine to second
|
Batting: LHB Bill Handy
|
0-0: Called Strike 0-1: Foul Ball, location: 2F 0-2: Strikes out looking
|
Batting: LHB Kyle Robbins
|
0-0: Ground out U3 (Groundball, 3L)
|
Top of the 5th over - 0 run(s), 1 hit(s), 0 error(s), 2 left on base; Erie 1 - Grim 0 |
BOTTOM OF THE 5TH |
Grim Reapers batting - Pitching for Erie Jaxx : LHP Jason Dean
|
Batting: RHB Roberto Solís
|
0-0: Ball 1-0: SINGLE (Groundball, 56D)
|
Batting: RHB Gilbert Forbes
|
0-0: Called Strike 0-1: Ball 1-1: Foul Ball, location: 2F 1-2: Reached on error, E6 (Groundball, 6S) Roberto Solís to second
|
Batting: RHB John Jones
|
0-0: Ball 1-0: Swinging Strike 1-1: Called Strike 1-2: Fly out, F8 (Flyball, 8LM)
|
Batting: RHB Arthur Hopkins
|
0-0: Ball 1-0: Reached on error, E3 (Groundball, 3) Roberto Solís to third Gilbert Forbes to second
|
Batting: LHB Jesús Rojas
|
0-0: Ball 1-0: SINGLE (Flyball, 9LM) Roberto Solís scores Gilbert Forbes to third Arthur Hopkins to second
|
Batting: RHB Pedro López
|
0-0: Called Strike 0-1: Ball 1-1: Grounds into fielders choice 4-2 (Groundball, 4) Arthur Hopkins to third Jesús Rojas to second
|
Batting: RHB Micheal Banks
|
0-0: Fly out, F7 (Line Drive, 7)
|
Bottom of the 5th over - 1 run(s), 2 hit(s), 2 error(s), 3 left on base; Erie 1 - Grim 1 |
TOP OF THE 6TH |
Erie Jaxx batting - Pitching for Grim Reapers : RHP Will Brown
|
Batting: RHB Edgardo Castro
|
0-0: Called Strike 0-1: Ground out 4-3 (Groundball, 6M)
|
Batting: SHB Michael Field
|
0-0: Fly out, F8 (Flyball, 8LS)
|
Batting: RHB Ed Keesee
|
0-0: Ground out 4-3 (Groundball, 4)
|
Top of the 6th over - 0 run(s), 0 hit(s), 0 error(s), 0 left on base; Erie 1 - Grim 1 |
BOTTOM OF THE 6TH |
Grim Reapers batting - Pitching for Erie Jaxx : LHP Jason Dean
|
Batting: RHB Jeremiah Ward
|
0-0: Swinging Strike 0-1: Fly out, F7 (Flyball, 7LSF)
|
Batting: SHB Sean Moody
|
0-0: Ball 1-0: Fly out, F8 (Flyball, 8RD)
|
Batting: RHB Roberto Solís
|
0-0: Ball 1-0: Foul Ball, location: 2F 1-1: SINGLE (Flyball, 9LS)
|
Batting: RHB Gilbert Forbes
|
0-0: Ball 1-0: Ball 2-0: Foul Ball, location: 2F 2-1: Called Strike 2-2: Fielders Choice at 2nd, 6-4 (Groundball, 56)
|
Bottom of the 6th over - 0 run(s), 1 hit(s), 0 error(s), 0 left on base; Erie 1 - Grim 1 |
TOP OF THE 7TH |
Erie Jaxx batting - Pitching for Grim Reapers : RHP Will Brown
|
Batting: SHB José Durango
|
0-0: Ball 1-0: Ball 2-0: Foul Ball, location: 2F 2-1: Ground out 4-3 (Groundball, 4)
|
Batting: RHB Alfredo Ramírez
|
0-0: SINGLE (Line Drive, 7S)
|
Batting: RHB George Medine
|
0-0: Called Strike 0-1: Ball 1-1: Foul Ball, location: 2F 1-2: Grounds into double play, 6-4-3 (Groundball, 6)
|
Top of the 7th over - 0 run(s), 1 hit(s), 0 error(s), 0 left on base; Erie 1 - Grim 1 |
BOTTOM OF THE 7TH |
Grim Reapers batting - Pitching for Erie Jaxx : LHP Jason Dean
|
Batting: RHB John Jones
|
0-0: Ball 1-0: Ball 2-0: Ball 3-0: Called Strike 3-1: Called Strike 3-2: DOUBLE (Line Drive, 7LD)
|
Pinch Hitting: RHB Juan Ortega
|
0-0: Ball 1-0: Ball 2-0: Foul Ball, location: 2F 2-1: Ball 3-1: Foul Ball, location: 2F 3-2: Base on Balls
|
Pitching: LHP Jesús Acosta
|
|
Batting: LHB Jesús Rojas
|
0-0: Foul Ball, location: 2F 0-1: Ball 1-1: Bunted foul 1-2: Ball 2-2: Fielders Choice at 2nd, 4-6 (Groundball, 4) John Jones to third
|
Batting: RHB Pedro López
|
0-0: Grounds into double play, 6-4-3 (Groundball, 6)
|
Bottom of the 7th over - 0 run(s), 1 hit(s), 0 error(s), 1 left on base; Erie 1 - Grim 1 |
TOP OF THE 8TH |
Erie Jaxx batting - Pitching for Grim Reapers : RHP Will Brown
|
Now at SS: Juan Ortega
|
|
Batting: RHB James Richardson
|
0-0: Foul Ball, location: 2F 0-1: Foul Ball, location: 2F 0-2: Ball 1-2: Strikes out swinging
|
Batting: LHB Bill Handy
|
0-0: Swinging Strike 0-1: Swinging Strike 0-2: Strikes out swinging
|
Batting: LHB Kyle Robbins
|
0-0: Ball 1-0: Fly out, F3 (Line Drive, 34)
|
Top of the 8th over - 0 run(s), 0 hit(s), 0 error(s), 0 left on base; Erie 1 - Grim 1 |
BOTTOM OF THE 8TH |
Grim Reapers batting - Pitching for Erie Jaxx : LHP Jesús Acosta
|
Batting: RHB Micheal Banks
|
0-0: Ball 1-0: Ball 2-0: Foul Ball, location: 2F 2-1: Foul Ball, location: 2F 2-2: Strikes out swinging
|
Batting: RHB Jeremiah Ward
|
0-0: Foul Ball, location: 2F 0-1: Foul Ball, location: 2F 0-2: Ball 1-2: Ball 2-2: Strikes out swinging
|
Batting: SHB Sean Moody
|
0-0: SINGLE (Line Drive, 9S)
|
Batting: RHB Roberto Solís
|
0-0: Swinging Strike 0-1: Swinging Strike 0-2: Foul Ball, location: 2F 0-2: Ball 1-2: Ball 2-2: Ball 3-2: Foul Ball, location: 2F 3-2: Base on Balls Sean Moody to second
|
Batting: RHB Gilbert Forbes
|
0-0: Ball 1-0: Foul Ball, location: 2F 1-1: SINGLE (Groundball, 25) (infield hit) Sean Moody to third Roberto Solís to second
|
Batting: RHB John Jones
|
0-0: DOUBLE (Line Drive, 7LM) Sean Moody scores Roberto Solís scores Gilbert Forbes to third Runner from 3rd tries for Home, SAFE, no throw
|
Pitching: LHP Francisco Ramírez
|
|
Batting: RHB Juan Ortega
|
0-0: Ball 1-0: SINGLE (Groundball, 4D) John Jones to third Runner from 3rd tries for Home, SAFE, no throw
|
Batting: LHB Jesús Rojas
|
0-0: Ball 1-0: Ball 2-0: DOUBLE (Line Drive, 8RD) Juan Ortega to third Runner from 3rd tries for Home, SAFE, no throw
|
Batting: RHB Pedro López
|
0-0: Called Strike 0-1: Foul Ball, location: 2F 0-2: Ball 1-2: Ground out 5-3 (Groundball, 56)
|
Bottom of the 8th over - 5 run(s), 5 hit(s), 0 error(s), 1 left on base; Erie 1 - Grim 6 |
TOP OF THE 9TH |
Erie Jaxx batting - Pitching for Grim Reapers : RHP Will Brown
|
Now at 1B: Marcos Fontanez
|
|
Batting: RHB Edgardo Castro
|
0-0: Ball 1-0: Called Strike 1-1: SINGLE (Line Drive, 89S)
|
Pitching: RHP Joe Bell
|
|
Batting: SHB Michael Field
|
0-0: Ball 1-0: Ball 2-0: Ball 3-0: Called Strike 3-1: Called Strike 3-2: Foul Ball, location: 2F 3-2: Foul Ball, location: 2F 3-2: Strikes out swinging
|
Batting: RHB Ed Keesee
|
0-0: Ball 1-0: Grounds into double play, 5-4-3 (Groundball, 5)
|
Top of the 9th over - 0 run(s), 1 hit(s), 0 error(s), 0 left on base; Erie 1 - Grim 6 |
|